 Dungeon Crawl Stone Soup version 0.31-a0-1112-ga3593d9213 (webtiles) character file.

Game seed: 9445936185769466804

76511 ChronoRanger the Slayer (level 15, -3/243 HPs)
             Began as a Minotaur Fighter on Dec 4, 2023.
             Was a High Priest of Trog.
             Splashed by a goliath frog's acid (8 damage)
             ... on level 2 of the Swamp.
             The game lasted 01:16:39 (26674 turns).

ChronoRanger the Slayer (Minotaur Fighter)         Turns: 26674, Time: 01:16:40

Health: -3/243     AC: 22    Str: 39    XL:     15   Next: 12%
Magic:  14/14      EV: 12    Int:  5    God:    Trog [*****.]
Gold:   1682       SH: 14    Dex: 11    Spells: 14/14 levels left

rFire   . . .        S - +0 morningstar
rCold   . . .        M - +0 kite shield
rNeg    . . .        p - +0 plate armour
rPois   +            N - +1 hat
rElec   .            h - +0 cloak
rCorr   .            K - +0 pair of gloves
SInv    .            T - +0 pair of boots "Gelleost" {Str+6}
Will    +....        g - amulet of reflection Stlth
                     y - ring of poison resistance
HPRegen 0.60/turn    o - +6 ring of strength
MPRegen 0.14/turn

%: reflection
@: berserking (expiring), very quick
A: horns 2, retaliatory headbutt
a: Renounce Religion, Berserk, Trog's Hand, Brothers in Arms


You were on level 2 of the Swamp.
You worshipped Trog.
Trog was extremely pleased with you.
You visited 5 branches of the dungeon, and saw 22 of its levels.

You collected 2021 gold pieces.
You spent 339 gold pieces at shops.

Inventory:

Hand Weapons
 a - a +0 flail of flaming
 A - a +3 flail
 S - a +0 morningstar (weapon)
Missiles
 l - 46 poisoned darts
 x - 7 curare-tipped darts
 D - 4 throwing nets
Armour
 c - a +2 pair of boots of rampaging
 h - a +0 cloak (worn)
 p - a +0 plate armour (worn)
 K - a +0 pair of gloves (worn)
 M - a +0 kite shield (worn)
 N - a +1 hat (worn)
 T - the +0 pair of boots "Gelleost" (worn) {Str+6}
   (You found it on level 5 of the Lair of Beasts)

   Str+6:     It affects your strength (+6).
Jewellery
 f - a ring of protection from fire
 g - an amulet of reflection (around neck)
 k - a ring of resist corrosion
 o - a +6 ring of strength (right hand)
 y - a ring of poison resistance (left hand)
Wands
 j - a wand of mindburst (14)
 r - a wand of light (21)
 u - a wand of flame (13) (quivered)
 B - a wand of iceblast (14)
 C - a wand of charming (12)
 O - a wand of polymorph (4)
Scrolls
 e - a scroll of immolation
 q - 4 scrolls of enchant armour
 t - 8 scrolls of identify
 v - 7 scrolls of teleportation
 w - 5 scrolls of blinking
 z - 4 scrolls of fear
 E - 4 scrolls of enchant weapon
 F - 3 scrolls of revelation
 G - a scroll of noise
 H - 2 scrolls of poison
 L - a scroll of fog
Potions
 b - 15 potions of curing
 d - 3 potions of might
 i - 6 potions of heal wounds
 m - 2 potions of cancellation
 n - 4 potions of lignification
 s - 3 potions of haste
 J - a potion of berserk rage
 P - a potion of invisibility
 Q - a potion of enlightenment
Miscellaneous
 I - a phial of floods
 R - a lightning rod (4/4)


   Skills:
 + Level 22.5 Fighting
 - Level 14.0 Maces & Flails
 - Level 15.0 Armour
 - Level 10.0 Dodging
 - Level 5.0 Shields


You had 14 spell levels left.
You didn't know any spells.
Your spell library contained the following spells:

 Spells                   Type           Power      Damage    Failure   Level
 Necrotise                Necr           0%         1d4       97%         1
 Vampiric Draining        Necr           0%         2d6       100%        3
 Summon Ice Beast         Ice/Summ       0%         N/A       100%        4
 Agony                    Necr           0%         N/A       100%        5
 Summon Mana Viper        Hex/Summ       0%         N/A       100%        5
 Monstrous Menagerie      Summ           0%         N/A       100%        7


Dungeon Overview and Level Annotations

Branches:
Dungeon (12/15)            Temple (1/1) D:5            Lair (5/5) D:9
  Swamp (2/4) Lair:2       Spider (0/4) Lair:3        Slime (0/5) Lair:4
    Orc (2/2) D:9             Elf (0/3) Orc:2

Altars:
Ashenzari
Cheibriados
Dithmenos
Elyvilon
Fedhas
Gozag
Hepliaklqana
Kikubaaqudgha
Makhleb
Nemelex Xobeh
Okawaru
Qazlal
Ru
Sif Muna
Trog
Uskayaw
Vehumet
Wu Jian
Xom
Yredelemnul
Zin
The Shining One
Jiyva

Shops:
D:3 :   D:11 *   Orc:2 *![[[


Innate Abilities, Weirdness & Mutations

You have a pair of horns on your head.
You reflexively headbutt those who attack you in melee.


Message History

You barely miss the eight-headed hydra.
Your headbutt misses the eight-headed hydra.
The eight-headed hydra is heavily wounded.
The eight-headed hydra closely misses you.
The eight-headed hydra bites you!
* * * LOW HITPOINT WARNING * * *
The eight-headed hydra bites you but does no damage. x3
The eight-headed hydra completely misses you.
You block the eight-headed hydra's attack.
The eight-headed hydra bites you.
* * * LOW HITPOINT WARNING * * *
The vampire mosquito bites you!
* * * LOW HITPOINT WARNING * * *
The vampire mosquito draws strength from your injuries!
You block the eleionoma's attack. The goliath frog completely misses you.
The swamp worm closely misses you. You furiously retaliate!
You headbutt the swamp worm!!
You crush the eight-headed hydra like a grape!!!
You headbutt the eight-headed hydra.
You feel the power of Trog in you as your rage grows.
You kill the eight-headed hydra!
Trog accepts your kill.
You block the vampire mosquito's attack.
The swamp dragon closely misses you. You furiously retaliate!
You headbutt the swamp dragon!
The swamp dragon claws you but does no damage.
You block the swamp dragon's attack.
You block the vampire mosquito's attack.
The goliath frog hits you from afar.
* * * LOW HITPOINT WARNING * * *
You are splashed with acid!
* * * LOW HITPOINT WARNING * * *
The swamp worm attacks as it pursues you!
You block the swamp worm's attack.
The eleionoma splashes around in the water.
The vampire mosquito bites you but does no damage.
The goliath frog hits you from afar.
* * * LOW HITPOINT WARNING * * *
You are splashed with acid!
You die...

♣.... ♣...♣ ♣...♣♣
♣.~.~ ♣ ♣
♣♣..♣♣♣♣♣♣
♣..♣.♣~~~~♣...♣♣..
......~<<~F...~...
......~<@R.~......
..~.♣♣~Dyw♣~.~♣..~
♣ ♣♣..♣♣♣♣♣♣ ♣..♣
♣...~ ♣♣...♣ .~~.♣
♣....♣ .~..


You could see an eleionoma, a swamp dragon, a goliath frog, a swamp worm and a
vampire mosquito.

Vanquished Creatures
  Kirke (Swamp:1)
  An eleionoma (Swamp:1)
  A bunyip (Swamp:1)
  Harold (D:9)
  3 hydras
  2 ogre magi (Orc:2)
  A ghost crab (Swamp:1)
  A catoblepas (Lair:5)
  9 two-headed ogres
  7 centaur warriors
  A deep troll shaman (Lair:5)
  12 death yaks
  4 boulder beetles
  3 tengu warriors (D:12)
  A skyshark (Lair:2)
  A deep elf knight (D:12)
  5 skeletal warriors (D:12)
  A goliath frog (Swamp:1)
  A spriggan druid (Swamp:1)
  3 swamp dragons (Swamp:1)
  A bog body (Swamp:1)
  2 lindwurms (Lair:5)
  Pikel (D:5)
  A wolf spider (Lair:3)
  2 deep elf pyromancers (D:12)
  2 ugly things (D:12)
  3 cyclopes
  A manticore (D:12)
  7 orc sorcerers
  A will-o-the-wisp (Swamp:1)
  3 elephants (Lair:5)
  A kobold blastminer (Orc:2)
  4 black mambas
  6 molten gargoyles (D:12)
  10 cane toads
  Jeremiah (D:7)
  4 rime drakes
  Psyche (D:8)
  9 komodo dragons
  5 polar bears
  5 trolls
  2 tyrant leeches (Swamp:1)
  Grinder (D:5)
  5 blink frogs (Lair:4)
  A shadow (D:9)
  4 wyverns
  5 wraiths
  6 basilisks
  35 yaks
  A redback (Lair:3)
  Menkaure (D:4)
  5 vampire mosquitoes
  9 wargs
  4 acid dragons
  4 swamp worms
  8 water moccasins
  2 ice beasts (D:5)
  3 swamp drakes (Swamp:1)
  3 sky beasts (D:7)
  16 orc warriors
  2 black bears
  6 wolves
  8 ogres
  3 centaurs
  A phantom (D:4)
  6 kobold brigands
  A lemure (D:5)
  10 bullfrogs
  A gnoll sergeant (D:7)
  4 scorpions
  8 wights
  9 killer bees
  2 electric eels
  6 howler monkeys
  8 hounds
  2 gnoll boudas
  13 orc priests
  9 jellies
  2 sleepcaps
  Jessica (D:3)
  3 iguanas
  32 orc wizards
  Ijyb (D:5)
  10 gnolls
  5 adders
  2 shadow imps
  2 white imps
  2 ufetubi (D:6)
  A worm (D:2)
  The ghost of Azuregosa the Sneak, a weakling OpDe (D:5)
  2 dart slugs (D:1)
  78 orcs
  11 endoplasms
  3 giant cockroaches
  10 hobgoblins
  5 quokkas
  9 ball pythons
  6 bats
  2 frilled lizards
  8 goblins
  57 kobolds
  3 rats (D:2)
  A butterfly (Lair:1)
600 creatures vanquished.

Vanquished Creatures (others)
  4 bloated husks (Swamp:2)
  4 humans (Swamp:2)
  A howler monkey (D:4)
  An orc wizard (D:4)
  2 kobolds
  4 foxfires (Swamp:1)
16 creatures vanquished.

Grand Total: 616 creatures vanquished

Notes
Turn   | Place    | Note
-------+----------+-------------------------------------------
     0 | D:1      | ChronoRanger the Minotaur Fighter began the quest for the
                  | Orb.
     0 | D:1      | Reached XP level 1. HP: 19/19 MP: 0/0
   215 | D:1      | Reached XP level 2. HP: 25/27 MP: 1/1
   607 | D:1      | Reached skill level 4 in Fighting
   846 | D:2      | Reached XP level 3. HP: 33/33 MP: 2/2
  1206 | D:2      | Found a faded altar of an unknown god.
  2033 | D:3      | Reached XP level 4. HP: 40/40 MP: 3/3
  2255 | D:3      | Found Wuopuo's Book Shoppe.
  2376 | D:3      | Noticed a scorpion
  2387 | D:3      | Killed a scorpion
  2388 | D:3      | Reached XP level 5. HP: 47/47 MP: 4/4
  2530 | D:3      | Noticed Jessica
  2546 | D:3      | Killed Jessica
  2650 | D:4      | Noticed Menkaure
  2815 | D:4      | Reached skill level 5 in Maces & Flails
  2820 | D:4      | Noticed a phantom
  2828 | D:4      | Found a shimmering altar of Xom.
  2837 | D:4      | Killed a phantom
  2838 | D:4      | Reached skill level 5 in Armour
  2838 | D:4      | Reached skill level 5 in Shields
  2838 | D:4      | Reached XP level 6. HP: 55/55 MP: 5/5
  2896 | D:4      | Reached skill level 5 in Fighting
  2924 | D:4      | Found a sacrificial altar of Ru.
  3350 | D:4      | Reached XP level 7. HP: 49/61 MP: 6/6
  3524 | D:4      | Killed Menkaure
  3633 | D:5      | Entered Level 5 of the Dungeon
  3633 | D:5      | Noticed Ijyb
  3641 | D:5      | Killed Ijyb
  3743 | D:5      | Noticed Pikel
  3775 | D:5      | Reached skill level 6 in Fighting
  3794 | D:5      | Killed Pikel
  3795 | D:5      | Reached XP level 8. HP: 33/71 MP: 7/7
  3954 | D:5      | Reached skill level 7 in Fighting
  4071 | D:5      | Found a large runed translucent door.
  4071 | D:5      | Found a large runed translucent door.
  4373 | D:5      | Noticed Azuregosa's ghost (weakling OpDe)
  4402 | D:5      | Noticed Grinder
  4408 | D:5      | Killed Grinder
  4705 | D:5      | Found a staircase to the Ecumenical Temple.
  4786 | Temple   | Entered the Ecumenical Temple
  4843 | Temple   | Became a worshipper of Trog the Wrathful
  4945 | D:5      | Killed Azuregosa's ghost
  5044 | D:6      | Reached XP level 9. HP: 80/80 MP: 8/8
  5140 | D:6      | Reached skill level 10 in Maces & Flails
  6045 | D:7      | Reached skill level 8 in Fighting
  6160 | D:7      | Reached skill level 1 in Dodging
  6360 | D:7      | Reached * piety under Trog
  6700 | D:7      | Noticed Jeremiah
  6867 | D:7      | Killed Jeremiah
  7769 | D:8      | Noticed Psyche
  7777 | D:8      | Killed Psyche
  7799 | D:8      | Reached skill level 9 in Fighting
  7923 | D:8      | Reached XP level 10. HP: 85/91 MP: 9/9
  7933 | D:8      | Reached ** piety under Trog
  8337 | D:9      | Found a blossoming altar of Fedhas.
  8337 | D:9      | Found an ornate altar of the Wu Jian Council.
  8862 | D:9      | Found an opulent altar of Gozag.
  8912 | D:9      | Found a staircase to the Orcish Mines.
  9037 | D:9      | Reached *** piety under Trog
  9169 | D:9      | Found a staircase to the Lair.
  9406 | D:9      | Identified the ring of Amelioration {Will+ Dex+5}
  9413 | D:9      | Found a radiant altar of Vehumet.
  9415 | D:9      | Found a shimmering blue altar of Sif Muna.
  9416 | D:9      | Found an iron altar of Okawaru.
  9428 | D:9      | Found a hide-covered altar of Uskayaw.
  9433 | D:9      | Found a glowing silver altar of Zin.
  9631 | D:9      | Noticed Harold
  9644 | D:9      | Killed Harold
  9645 | D:9      | Reached skill level 10 in Armour
  9645 | D:9      | Reached skill level 5 in Dodging
  9696 | D:10     | Entered Level 10 of the Dungeon
  9698 | D:10     | Reached skill level 10 in Fighting
  9698 | D:10     | Noticed a two-headed ogre
  9713 | D:10     | Killed a two-headed ogre
  9938 | D:10     | Reached XP level 11. HP: 62/100 MP: 10/10
 10193 | D:10     | Noticed a two-headed ogre
 10194 | D:10     | Found a snail-covered altar of Cheibriados.
 10207 | D:10     | Killed a two-headed ogre
 11430 | D:11     | Reached skill level 11 in Fighting
 11552 | D:11     | Found Suos Dos's Assorted Antiques.
 11552 | D:11     | Noticed a boulder beetle
 11578 | D:11     | Killed a boulder beetle
 11676 | D:11     | Bought a glowing agate ring for 135 gold pieces
 11738 | D:11     | Noticed a centaur warrior
 11746 | D:11     | Killed a centaur warrior
 12291 | Lair:1   | Entered Level 1 of the Lair of Beasts
 12291 | Lair:1   | Noticed a boulder beetle
 12312 | Lair:1   | Killed a boulder beetle
 12564 | Lair:1   | Reached skill level 12 in Fighting
 12715 | Lair:1   | Reached **** piety under Trog
 12808 | Lair:1   | Reached XP level 12. HP: 91/112 MP: 11/11
 14008 | Lair:2   | Found a staircase to the Swamp.
 14190 | Lair:2   | Noticed a death yak
 14190 | Lair:2   | Noticed a death yak
 14190 | Lair:2   | Noticed a death yak
 14191 | Lair:2   | Noticed a death yak
 14322 | Lair:2   | Noticed a death yak
 14324 | Lair:2   | Noticed a death yak
 14380 | Lair:2   | Killed a death yak
 14382 | Lair:2   | Killed a death yak
 14383 | Lair:2   | Reached skill level 13 in Fighting
 14386 | Lair:2   | Killed a death yak
 14397 | Lair:2   | Killed a death yak
 14404 | Lair:2   | Killed a death yak
 14558 | Lair:2   | Killed a death yak
 14559 | Lair:2   | Reached skill level 10 in Dodging
 14913 | Lair:2   | Identified the +3 orcbow "Tecs" {elec, Str+5}
 15271 | Lair:3   | Reached skill level 14 in Fighting
 15276 | Lair:3   | Noticed a boulder beetle
 15301 | Lair:3   | Killed a boulder beetle
 15778 | Lair:3   | Found a hole to the Spider Nest.
 15786 | Lair:3   | Reached XP level 13. HP: 112/125 MP: 12/12
 15955 | Lair:3   | Reached ***** piety under Trog
 16235 | Lair:4   | Found a staircase to the Slime Pits.
 16235 | Lair:4   | Found a viscous altar of Jiyva.
 17636 | D:12     | Reached skill level 15 in Fighting
 17819 | D:12     | Reached skill level 15 in Armour
 18261 | D:12     | Reached skill level 16 in Fighting
 18880 | D:12     | Reached skill level 17 in Fighting
 19479 | D:12     | Reached skill level 18 in Fighting
 19854 | Orc:1    | Entered Level 1 of the Orcish Mines
 19896 | Orc:1    | Received a gift from Trog
 19986 | Orc:1    | Reached XP level 14. HP: 130/143 MP: 13/13
 20698 | Orc:2    | Entered Level 2 of the Orcish Mines
 21153 | Orc:2    | Paralysed by an orc sorcerer for 4 turns
 21252 | Orc:2    | Received a gift from Trog
 21254 | Orc:2    | Reached skill level 19 in Fighting
 21550 | Orc:2    | Found a staircase to the Elven Halls.
 21837 | Orc:2    | Paralysed by an orc sorcerer for 3 turns
 22302 | Orc:2    | Found a burning altar of Makhleb.
 22386 | Orc:2    | Reached skill level 20 in Fighting
 22421 | Orc:2    | Found Byog's Armour Boutique.
 22559 | Orc:2    | Found Duodopp's Distillery.
 22559 | Orc:2    | Found Wuuwofo's Assorted Antiques.
 22594 | Orc:2    | Found Ovoe's Antique Armour Shop.
 22595 | Orc:2    | Found Gaocezext's Antique Armour Boutique.
 22816 | Orc:2    | Bought a potion of heal wounds for 60 gold pieces
 22816 | Orc:2    | Bought 3 potions of curing for 108 gold pieces
 22816 | Orc:2    | Bought a potion of curing for 36 gold pieces
 23013 | Lair:5   | Entered Level 5 of the Lair of Beasts
 23083 | Lair:5   | Identified the +1 robe of Fashionability {-Cast +Inv Str+5
                  | Stlth+}
 23716 | Lair:5   | Reached skill level 21 in Fighting
 24487 | Lair:5   | Identified the +0 pair of boots "Gelleost" {Str+6}
 24716 | Swamp:1  | Entered Level 1 of the Swamp
 25301 | Swamp:1  | Reached skill level 22 in Fighting
 25544 | Swamp:1  | Reached XP level 15. HP: 113/160 MP: 14/14
 26105 | Swamp:2  | Noticed Kirke
 26187 | Swamp:1  | Killed Kirke
 26658 | Swamp:2  | Received a gift from Trog
 26674 | Swamp:2  | HP: 10/243 [acid (7)]
 26674 | Swamp:2  | Splashed by a goliath frog's acid

Illustrated notes

Levels and vault maps discovered:
D:1:      dpeg_arrival_morbid_curiosity, layout_rooms
D:2:      layout_basic, shapermc_ecumenical_altar_flowoftime
D:3:      layout_loops_ring, serial_shops, shop, kennysheep_jessica_study
D:4:      minmay_diamond_boxcup, layout_rooms, lemuel_doored_altar,
          xom_confusion_cloud, uniq_menkaure
D:5:      kennysheep_kobold_camp, layout_loops_ring, minmay_temple_entry_trees,
          ebering_ghost_disaster_area, uniq_pikel, uniq_grinder, uniq_ijyb
D:6:      layout_cave_pods
D:7:      layout_basic, uniq_jeremiah
D:8:      layout_rooms, uniq_psyche
D:9:      layout_basic, nicolae_gozag_cash_rules_everything_around_me,
          nicolae_overflow_hallway_of_the_gods, erik_lair_island, david_orc_2,
          uniq_harold
D:10:     layout_loops_ring, mainiacjoe_overflow_tiny_flanked
D:11:     layout_cave_pods, serial_shops, nicolae_shop_rolling_square
D:12:     regret_index_infernal_bastille, layout_basic, drop_trap
Temple:   chequers_temple_sunken
Lair:1:   layout_regular_city, lemuel_fruit_fields, lemuel_fruit_tree
Lair:2:   layout_roguey, nicolae_swamp_entry_splash_gauntlet,
          nicolae_lair_grazing_beasts [nicolae_sub_lair_graze_edge,
          nicolae_sub_lair_graze_edge, nicolae_sub_lair_graze_edge,
          nicolae_sub_lair_graze_edge], grunt_megastairs_2
Lair:3:   layout_hall_layers, spider_nest_entry_funnel_web
Lair:4:   layout_hall_layers, nicolae_slime_entry_slimehenge
Lair:5:   grunt_lair_end_beastmaster, layout_misc_corridors
Swamp:1:  layout_basic_swamp, infiniplex_staircase_pool_2
Swamp:2:  nicolae_swamp_husk_halls, layout_basic_swamp,
          nicolae_swamp_reclaimed_castle, infiniplex_staircase_pool, uniq_kirke
Orc:1:    nicolae_orc_accident_3, layout_caves, basic_altar
Orc:2:    st_orc_town, layout_caves, serial_shops, shop, bloody_makhleb

Skill      XL: |  1  2  3  4  5  6  7  8  9 10 11 12 13 14 |
---------------+-------------------------------------------+-----
Maces & Flails | 3 4 5 6 8 9 11 13 14 | 14.0
Fighting       | 4 5 6 7 9 10 12 14 18 22 | 22.5
Armour         | 4 5 6 7 9 10 12 14 15 | 15.0
Shields        | 4 5 |  5.0
Dodging        | 3 5 8 10 | 10.0

Action                     |  1- 3 |  4- 6 |  7- 9 | 10-12 | 13-15 || total
---------------------------+-------+-------+-------+-------+-------++-------
  Melee: Flail             |    86 |   120 |   305 |   589 |   115 ||  1215
         Headbutt          |    11 |    11 |    33 |   125 |   217 ||   397
         Morningstar       |       |       |       |       |   819 ||   819
 Invoke: Berserk           |       |       |       |     4 |    10 ||    14
  Evoke: Wand              |       |       |    13 |     2 |     8 ||    23
    Use: Scroll            |     7 |     6 |     8 |     3 |     3 ||    27
         Potion            |       |     1 |     3 |     1 |     2 ||     7
   Stab: Distracted        |       |       |       |     1 |       ||     1
 Armour: Chain mail        |    57 |    69 |    43 |       |       ||   169
         Plate armour      |       |       |    96 |   331 |   731 ||  1158
  Dodge: Dodged            |    32 |    33 |    85 |   132 |   341 ||   623
  Block: Buckler           |    28 |    57 |   151 |   184 |       ||   420
         Reflection        |       |       |    14 |    10 |    28 ||    52
         Kite shield       |       |       |       |   100 |   706 ||   806

Table legend: (Time is in decaauts)
 A = Elapsed time spent in this place.
 B = Non-inter-level travel time spent in this place.
 C = Inter-level travel time spent in this place.
 D = Time resting spent in this place.
 E = Time spent auto-exploring this place.
 F = Levels seen in this place.
 G = Mean time per level.
                   A        B        C        D        E       F      G
               +--------+--------+--------+--------+--------+-----+--------+
         Total |  26725 |  25431 |   1294 |   6639 |   6097 |  22 | 1214.8 |
       Dungeon |  14803 |  14133 |    670 |   3088 |   3259 |  12 | 1233.6 |
        Temple |    101 |     75 |     26 |      0 |      0 |   1 |  101.0 |
          Lair |   6981 |   6628 |    353 |   1912 |   1771 |   5 | 1396.2 |
         Swamp |   1774 |   1626 |    148 |    859 |    292 |   2 |  887.0 |
  Orcish Mines |   3064 |   2968 |     96 |    779 |    775 |   2 | 1532.0 |
               +--------+--------+--------+--------+--------+-----+--------+

Top non-repeatable levels by time:
    D:12: 2225 daAuts
   Orc:2: 1885 daAuts
  Lair:2: 1785 daAuts
 Swamp:1: 1739 daAuts
    D:11: 1731 daAuts
  Lair:5: 1591 daAuts
  Lair:1: 1501 daAuts
     D:7: 1497 daAuts
     D:9: 1462 daAuts
     D:5: 1294 daAuts
   Orc:1: 1179 daAuts
  Lair:4: 1136 daAuts
    D:10: 1111 daAuts
     D:6: 993 daAuts
     D:2: 975 daAuts
